 Dungeon Crawl Stone Soup version 0.31-a0-263-ge8cad7f256 (webtiles) character file.

Game seed: 10103026250027384706

25 qw the Shooter (level 3, 0/21 HPs)
             Began as a Gargoyle Hexslinger on July 13, 2023.
             Slain by a phantom (4 damage)
             ... on level 4 of the Dungeon.
             The game lasted 00:00:20 (609 turns).

qw the Shooter (Gargoyle Hexslinger)                 Turns: 609, Time: 00:00:21

Health: 0/21       AC:  7    Str: 11    XL:     3   Next: 6%
Magic:  4/4        EV: 11    Int: 13    God:
Gold:   85         SH:  0    Dex: 14    Spells: 3/4 levels left

rFire   . . .        Y - +1 sling
rCold   . . .        (no shield)
rNeg    + . .        f - +0 leather armour
rPois   inf          (no helmet)
rElec   +            (no cloak)
rCorr   .            (no gloves)
SInv    .            h - +0 pair of boots
Will    .....        (no amulet)
Stlth   +            (no ring)
HPRegen 0.23/turn    (no ring)
MPRegen 0.09/turn

%: no passive effects
@: no status effects
A: sickness immunity, AC +3, negative energy resistance 1, electricity
resistance, torment resistance 1, petrification resistance
a: no special abilities


You were on level 4 of the Dungeon.
You visited 1 branch of the dungeon, and saw 3 of its levels.

You collected 85 gold pieces.


Innate Abilities, Weirdness & Mutations

You are immune to sickness and miasma.
Your stone body is resilient. (AC +3)
You are immune to poison.
You resist negative energy. (rN+)
You are resistant to electric shocks. (rElec)
You are resistant to unholy torment.
You are immune to petrification.


   Skills:
 - Level 2.0 Fighting
 + Level 3.0 Ranged Weapons
 - Level 1.5 Dodging
 - Level 1.0 Spellcasting
 - Level 2.6 Hexes


You had 3 spell levels left.
You knew the following spells:

 Your Spells              Type           Power      Damage    Failure   Level
a - Slow                  Hex            28%        N/A       12%         1

Your spell library contained the following spells:

 Spells                   Type           Power      Damage    Failure   Level
 Inner Flame              Hex/Fire       4%         N/A       54%         3
 Portal Projectile        Hex/Tloc       8%         N/A       54%         3
 Cause Fear               Hex            3%         N/A       77%         4

Inventory:

Hand Weapons
 Y - a +1 sling (weapon)
Armour
 f - a +0 leather armour (worn)
 h - a +0 pair of boots (worn)
Potions
 d - 2 potions of degeneration {unknown}
 e - a potion of might {unknown}

Dungeon Overview and Level Annotations

Branches:
Dungeon (2/15)

Altars:
Wu Jian

Shops:
D:4 (


Message History

You shoot a sling bullet.
The sling bullet hits the phantom but does no damage.
The phantom is moderately damaged.
The phantom hits you.
The phantom blinks!
You blink.
Found a stone staircase leading up.
You shoot a sling bullet.
The sling bullet closely misses the phantom.
The phantom misses you. The phantom hits you.
You shoot a sling bullet.
The sling bullet barely misses the phantom.
The phantom hits you but does no damage.
You shoot a sling bullet. The sling bullet hits the phantom!
The phantom is heavily damaged.
The phantom hits you but does no damage.
You shoot a sling bullet.
The sling bullet closely misses the phantom.
The phantom hits you but does no damage.
The phantom closely misses you.
You shoot a sling bullet.
The sling bullet closely misses the phantom.
The phantom hits you but does no damage.
You shoot a sling bullet. The sling bullet misses the phantom.
The phantom barely misses you.
You shoot a sling bullet. The sling bullet hits the phantom!
The phantom is severely damaged.
The phantom barely misses you. x2
You shoot a sling bullet. The sling bullet hits the phantom.
The phantom is almost destroyed.
The phantom barely misses you.
You shoot a sling bullet. The sling bullet misses the phantom.
The phantom hits you.
You shoot a sling bullet.
The sling bullet closely misses the phantom.
The phantom hits you.
The phantom blinks!
You blink.
Found a stone staircase leading down.
The phantom hits you but does no damage.
You shoot a sling bullet.
The sling bullet closely misses the phantom.
The phantom hits you.
You die...

###...............
#................
#..................
#................###
#.#######..ยค.##..#
#. ### #)...##>..# #
### #....... .# ._.
+..W.##.. # #.@..#
<.# #..........
#..........
.....#.... ......#
... ....PP.# ##
####.P..# #.P..#


You could see a phantom.

Vanquished Creatures
  An orc (D:4)
  2 bats (D:1)
  An endoplasm (D:1)
  A giant cockroach (D:1)
  3 hobgoblins (D:1)
  3 jackals (D:1)
  3 ball pythons (D:1)
  3 goblins (D:1)
  2 kobolds (D:1)
  3 rats
22 creatures vanquished.

Notes
Turn   | Place    | Note
-------+----------+-------------------------------------------
     0 | D:1      | qw the Gargoyle Hexslinger began the quest for the Orb.
     0 | D:1      | Reached XP level 1. HP: 12/12 MP: 2/2
     0 | D:1      | 0 ||| qw: Version: 0.3-a-52-g30416fa
     0 | D:1      | 0 ||| qw: Game counter: 7286
     0 | D:1      | 0 ||| qw: Melee chars always use a shield: true
     0 | D:1      | 0 ||| qw: God list: Okawaru
     0 | D:1      | 0 ||| qw: Allow faded altars: false
     0 | D:1      | 0 ||| qw: Do Orc after clearing Dungeon:15 true
     0 | D:1      | 0 ||| qw: Do second Lair branch before Depths: true
     0 | D:1      | 0 ||| qw: Lair rune preference: random
     0 | D:1      | 0 ||| qw: Goals: Normal
     0 | D:1      | 0 ||| PLANNING D:1-11
    86 | D:1      | Reached XP level 2. HP: 16/16 MP: 3/3
   190 | D:1      | Found a faded altar of an unknown god.
   224 | D:1      | Reached skill level 3 in Ranged Weapons
   438 | D:1      | HP: 4/17 [jackal (1)]
   505 | D:1      | 505 ||| UPGRADING to +0 leather armour.
   515 | D:1      | 515 ||| DROPPING +0 robe.
   516 | D:1      | 516 ||| UPGRADING to +0 pair of boots.
   521 | D:1      | 521 ||| READING scroll labelled GAVUEFR GOXAJ.
   522 | D:1      | 522 ||| DROPPING scroll of poison.
   564 | D:2      | Reached XP level 3. HP: 21/21 MP: 4/4
   571 | D:2      | You fall into a shaft and drop 2 floors!
   578 | D:4      | Found Pailyt's Weapon Shoppe.
   578 | D:4      | Found an ornate altar of the Wu Jian Council.
   587 | D:4      | Noticed a phantom
   607 | D:4      | HP: 5/21 [phantom (5)]
   609 | D:4      | Slain by a phantom

Levels and vault maps discovered:
D:1:      matt_arrival_diagonals, layout_rooms,
          ebering_ecumenical_altar_abandoned
D:2:      layout_rooms, minmay_pentomino_s4, uniq_terence
D:4:      nicolae_cairo_tiling_large_dashed, layout_rooms, old_standard_altar,
          lemuel_doored_altar, serial_shops, shop, serial_undead,
          serial_undead_b, serial_undead_b, serial_undead_a, serial_undead_e,
          serial_undead_f, serial_undead_b, serial_undead_f, serial_undead_a,
          uniq_crazy_yiuf_cottage

Skill      XL: |  1  2 |
---------------+-------+-----
Ranged Weapons | 3 |  3.0
Fighting       | 2 |  2.0
Dodging        | |  1.5
Spellcasting   | |  1.0
Hexes          | |  2.6

Action                     || total
---------------------------++-------
   Fire: Sling             ||    91
    Use: Scroll            ||     1
 Armour: Robe              ||    13
         Leather armour    ||    10
  Dodge: Dodged            ||    40

Table legend:
 A = Non-vault XP
 B = Vault XP
 C = Vault XP percentage of total XP
 D = Non-vault monster count
 E = Vault monster count
 F = Vault count percentage of total count
                 A         B        C        D         E       F
            +---------+---------+-------+---------+---------+-------
      Total |      37 |       0 |   0.0 |      22 |       0 |   0.0
            +---------+---------+-------+---------+---------+-------
        D:1 |      33 |       0 |   0.0 |      20 |       0 |   0.0
        D:2 |       1 |       0 |   0.0 |       1 |       0 |   0.0
        D:4 |       3 |       0 |   0.0 |       1 |       0 |   0.0
            +---------+---------+-------+---------+---------+-------
